 Dungeon Crawl Stone Soup version 0.22.1-2-g9c5b331 (webtiles) character file.

157161 Fang the Severer (level 17, -17/117 HPs)
             Began as a Gargoyle Berserker on Nov 13, 2018.
             Was a High Priest of Trog.
             Killed from afar by a merfolk aquamancer (33 damage)
             ... with a shard of ice
             ... on level 4 of the Shoals.
             The game lasted 00:54:43 (33425 turns).

Fang the Severer (Gargoyle Berserker)              Turns: 33425, Time: 00:54:44

Health: -17/117    AC: 36    Str: 28    XL:     17   Next: 69%
Magic:  0/17       EV: 19    Int: 15    God:    Trog [*****.]
Gold:   1422       SH:  0    Dex: 15    Spells: 16/16 levels left

rFire    + + .     SeeInvis +   F - +6 war axe (elec)
rCold    . . .     Gourm    .   (no shield)
rNeg     + . .     Faith    .   O - +6 plate armour "Jeshrec" {rPois rF+ Int+5}
rPois    ∞         Spirit   +   C - +1 hat {SInv}
rElec    +         Reflect  .   u - scarf {Spirit}
rCorr    .         Harm     .   (no gloves)
MR       +....                  (no boots)
Stlth    ..........             (no amulet)
HPRegen  0.29/turn              N - +6 ring of dexterity
MPRegen  0.15/turn              B - +6 ring of evasion

@: about to teleport, berserk cooldown, flying
A: big wings, hooves 1, horns 1, clever 1, fire resistance 1, negative energy
resistance 1, electricity resistance, unbreathing, petrification resistance, rot
immunity, AC +12
a: Stop Flying, Berserk, Trog's Hand, Brothers in Arms, Renounce Religion


You were on level 4 of the Shoals.
You worshipped Trog.
Trog was extremely pleased with you.
You were not hungry.

You visited 7 branches of the dungeon, and saw 30 of its levels.

You collected 2514 gold pieces.
You spent 1092 gold pieces at shops.

Inventory:

Hand Weapons
 a - a +1 hand axe of freezing
 w - a +0 battleaxe of chopping
 F - a +6 war axe of electrocution (weapon)
 L - a +7 antimagic battleaxe
Armour
 m - the +1 leather armour of the Echidna {*Corrode rPois rF++ MR+}
   (You found it on level 12 of the Dungeon)

   It greatly protects you from fire.
   It protects you from poison.
   It affects your resistance to hostile enchantments.
   It may corrode you when you take damage.
 u - a scarf of spirit shield (worn)
 C - a +1 hat of see invisible (worn)
 O - the +6 plate armour "Jeshrec" (worn) {rPois rF+ Int+5}
   (You bought it in a shop on level 2 of the Orcish Mines)

   It affects your intelligence (+5).
   It protects you from fire.
   It protects you from poison.
Jewellery
 d - an uncursed ring of stealth
 t - an uncursed ring of protection from cold
 x - an uncursed ring of positive energy
 B - a +6 ring of evasion (right hand)
 J - a +6 ring of intelligence
 M - an uncursed ring of poison resistance {unknown}
 N - a +6 ring of dexterity (left hand)
Wands
 i - a wand of disintegration (40)
 k - a wand of flame (73)
 r - a wand of acid (8)
 s - a wand of enslavement (27)
 y - a wand of random effects (88)
 z - a wand of digging (30)
 E - a wand of polymorph (21)
 P - a wand of iceblast (30)
Scrolls
 b - 8 scrolls of teleportation
 f - 2 scrolls of fear
 h - 12 scrolls of remove curse
 l - 24 scrolls of identify
 q - 4 scrolls of magic mapping
 I - 2 scrolls of brand weapon
 K - 4 scrolls of blinking
Potions
 e - 2 potions of lignification
 g - 3 potions of resistance
 j - 8 potions of might
 n - 5 potions of cancellation
 o - a potion of berserk rage
 p - 10 potions of curing
 v - a potion of haste
 A - 7 potions of agility
 D - 4 potions of heal wounds
 G - 3 potions of invisibility
 H - 2 potions of ambrosia
Miscellaneous
 R - a lamp of fire
Comestibles
 c - 46 rations


   Skills:
 + Level 17.1 Fighting
 + Level 18.6 Axes
 + Level 13.8 Armour
 + Level 8.3 Dodging
 + Level 6.3 Stealth


You had 16 spell levels left.
You didn't know any spells.
Your spell library was empty.

Dungeon Overview and Level Annotations

Branches:
Dungeon (15/15)            Temple (1/1) D:7            Lair (6/6) D:9
 Shoals (4/4) Lair:3       Spider (0/4) Lair:3        Slime (0/5) Lair:6
    Orc (2/2) D:10            Elf (1/3) Orc:2        Vaults (0/5) D:14
 Depths (1/5) D:15

Altars:
Dithmenos
Elyvilon
Nemelex Xobeh
Qazlal
Xom
Zin
Beogh
Jiyva

Shops:
D:7 %   D:9 (   D:10 [   D:13 :   Orc:2 **(!   Shoals:1 *

Portals:
Hell: Depths:1
Ziggurat: Depths:1

Annotations:
Lair:1 1 runed door, ws's ghost, journeyman GrBe
Shoals:2 exclusion: Roxanne, Roxanne


Innate Abilities, Weirdness & Mutations

You are resistant to torment.
Your stone body is resilient. (AC +12)
You are immune to poison.
Your large and strong wings let you fly indefinitely.
You resist negative energy. (rN+)
You are resistant to electric shocks. (rElec)
You can survive without breathing.
You are immune to petrification.
You are immune to rotting.
You have large cloven feet.
You have a pair of small horns on your head.
Your mind is acute. (Int +2)
Your flesh is heat resistant. (rF+)


Message History

The tomahawk hits the merfolk!
You eat one of the 47 rations.
That ration really hit the spot!
The merfolk impaler hits you from afar with a vampiric trident.
* * * LOW HITPOINT WARNING * * *
The merfolk barely misses you.
The merfolk hits you from afar with a trident.
* * * LOW HITPOINT WARNING * * *
The merfolk barely misses you.
The merfolk throws a tomahawk.
The tomahawk misses you.
The tomahawk barely misses the merfolk.
The merfolk impaler hits you but does no damage.
Your cyclops hits the merfolk impaler.
Unknown command.
As you read the scroll of teleportation, it crumbles to dust.
You feel strangely unstable. The merfolk misses you.
The merfolk impaler hits you from afar with a vampiric trident!
* * * LOW HITPOINT WARNING * * *
The merfolk misses you.
The merfolk aquamancer gestures at you while chanting.
The shard of ice hits you!
You die...

....≈≈≈≈≈≈≈≈.........
.....≈≈≈≈≈≈≈≈≈≈≈≈....
......≈≈≈≈≈≈≈≈..≈≈...
....m.≈≈≈≈≈≈≈≈≈≈≈≈...
......≈≈≈≈≈≈≈≈≈≈≈≈≈..
.......m≈≈≈≈≈≈≈≈≈≈≈≈≈.
..m....≈≈≈m≈≈≈≈≈≈≈≈≈≈.
....m..≈@.m(≈≈≈≈≈≈≈≈≈≈
≈≈.≈.....≈....#..≈≈≈≈≈≈≈≈≈
≈≈≈..........Cm...≈≈≈≈≈≈≈##
≈≈≈≈≈≈........≈.≈≈≈≈≈≈≈≈##
≈≈ ≈..≈...##.......≈≈≈≈≈≈≈#
≈≈≈ ......##....†.)≈≈≈≈≈≈≈≈#
≈≈≈≈ #.......##..)≈≈≈≈≈≈≈≈#
≈≈≈.###......##..))≈≈≈≈≈≈≈≈#
≈≈≈≈≈..≈≈≈.......)≈≈≈≈≈≈≈


You could see a merfolk impaler, 2 merfolk aquamancers, 4 merfolk and a friendly
cyclops (berserk).

Vanquished Creatures
  Saint Roka (Depths:1)
  Gastronok (D:8)
  2 krakens
  Polyphemus (Shoals:2)
  Louise (D:14)
  A vampire knight (Depths:1)
  Nessos (D:12)
  A dire elephant (Lair:6)
  A merfolk javelineer (Shoals:3)
  An ettin (Depths:1)
  5 merfolk impalers
  Josephine (D:15)
  2 great orbs of eyes (Depths:1)
  5 fire dragons
  4 vault guards (D:14)
  The ghost of Chungles the Carver, a journeyman MiBe of Trog (D:10)
  2 ice dragons (Depths:1)
  Harold (D:11)
  7 hydras
  2 merfolk avatars
  3 centaur warriors
  A satyr (Shoals:3)
  A merfolk aquamancer (Shoals:4)
  A catoblepas (Shoals:2)
  4 ogre magi
  A deep troll shaman (Depths:1)
  3 death yaks (Shoals:2)
  2 tengu warriors
  17 two-headed ogres
  An iron troll (Depths:1)
  The ghost of Tickenest the Basher, a novice OpMo of Vehumet (D:10)
  6 sea snakes
  An unseen horror (shapeshifter) (D:15)
  4 unseen horrors
  A glowing orange brain (Depths:1)
  2 deep trolls (Depths:1)
  A wolf spider zombie (D:15)
  Pikel (D:5)
  6 deep elf magi
  10 harpies (Shoals:2)
  An orc knight (Orc:2)
  12 manticores
  20 elephants
  5 cyclopes
  9 fauns
  2 orc sorcerers
  6 merfolk sirens
  3 black mambas
  3 water nymphs
  A torpor snail (shapeshifter) (Depths:1)
  4 centaur zombies
  A gargoyle (D:15)
  2 kobold demonologists (D:13)
  5 centaur skeletons
  8 spiny frogs
  8 rime drakes
  7 komodo dragons
  A tengu conjurer (Depths:1)
  3 jumping spiders (Lair:3)
  4 trolls
  5 wind drakes
  3 polar bears (Lair:6)
  A queen bee (Lair:1)
  29 merfolk
  A queen bee (shapeshifter) (Depths:1)
  8 slime creatures
  A hornet (D:11)
  8 blink frogs
  15 hippogriffs
  3 dream sheep (Shoals:3)
  5 snapping turtles
  Sigmund (D:5)
  44 yaks
  5 redbacks (Lair:3)
  A vampire (D:13)
  A tarantella (shapeshifter) (D:15)
  5 wraiths
  A spriggan (D:10)
  Eustachio (D:5)
  7 water elementals
  3 wyverns
  2 shadows
  A basilisk (Lair:4)
  2 hungry ghosts
  A warg (Orc:2)
  A steam dragon (Lair:3)
  A soldier ant (D:13)
  4 acid dragons
  A floating eye (shapeshifter) (Depths:1)
  13 water moccasins
  A sky beast (D:11)
  5 porcupines
  2 slaves (D:5)
  4 black bears
  23 orc warriors
  An eye of draining (D:14)
  5 ice beasts
  3 phantoms
  A necrophage (D:7)
  17 centaurs
  9 boggarts
  28 ogres
  17 wolves
  15 crocodiles
  7 big kobolds
  15 bullfrogs
  2 gnoll sergeants
  4 scorpions
  30 killer bees
  13 wights
  3 howler monkeys
  9 crimson imps
  8 hounds
  A quasit (D:13)
  2 bullfrog zombies
  15 orc priests
  5 gnoll shamans (D:7)
  4 jellies
  23 orc wizards
  Terence (D:3)
  4 bullfrog skeletons
  Natasha (thrice) (D:3)
  5 iguanas
  10 worker ants
  A hound skeleton (D:7)
  Robin (D:3)
  18 gnolls
  17 adders
  6 shadow imps
  2 adder skeletons
  2 worms
  2 dart slugs (D:2)
  4 leopard geckos
  61 orcs
  3 giant cockroaches
  10 goblins
  7 hobgoblins
  7 jackals
  7 quokkas
  2 bats
  2 frilled lizards
  19 kobolds
  4 rats
  3 fungi
  7 plants
  5 tentacles
872 creatures vanquished.

Vanquished Creatures (collateral kills)
  Frances (D:12)
  A two-headed ogre (Orc:2)
  An ogre mage (Orc:2)
  Urug (Lair:6)
  A sea snake (Shoals:2)
  4 harpies (Shoals:2)
  A deep elf mage (D:12)
  6 elephants (Lair:6)
  A spiny frog (Lair:6)
  A freezing wraith (D:14)
  A polar bear (Lair:6)
  A wyvern (Lair:6)
  4 yaks (D:12)
  An orc warrior (D:12)
  4 ogres (Orc:2)
  A crimson imp (D:14)
30 creatures vanquished.

Vanquished Creatures (others)
  A frost giant (Depths:1)
  A water nymph (Shoals:3)
  An orc wizard (D:5)
  A worker ant (D:5)
  3 orcs
  A bush (Lair:6)
  16 fungi
  16 plants
  3 tentacles (Shoals:1)
43 creatures vanquished.

Grand Total: 945 creatures vanquished

Notes
Turn   | Place    | Note
-------+----------+-------------------------------------------
     0 | D:1      | Fang the Gargoyle Berserker began the quest for the Orb.
     0 | D:1      | Reached XP level 1. HP: 14/14 MP: 1/1
   704 | D:2      | Reached XP level 2. HP: 19/19 MP: 2/2
   754 | D:2      | Reached skill level 3 in Axes
   754 | D:2      | Reached XP level 3. HP: 24/24 MP: 3/3
   914 | D:2      | Reached XP level 4. HP: 16/29 MP: 4/4
  1548 | D:2      | Reached ** piety under Trog
  1788 | D:3      | Reached skill level 1 in Stealth
  1987 | D:3      | Reached XP level 5. HP: 27/33 MP: 5/5
  2061 | D:3      | Noticed Terence
  2081 | D:3      | Killed Terence
  2194 | D:3      | Noticed Robin
  2207 | D:3      | Killed Robin
  2441 | D:3      | Noticed Natasha
  2445 | D:3      | Killed Natasha
  2812 | D:3      | Noticed Natasha
  2827 | D:3      | Killed Natasha
  2827 | D:3      | Reached skill level 4 in Axes
  2827 | D:3      | Reached XP level 6. HP: 33/39 MP: 6/6
  3493 | D:4      | Found a shimmering altar of Xom.
  3493 | D:4      | Found a sparkling altar of Nemelex Xobeh.
  3858 | D:3      | Noticed Natasha
  3873 | D:3      | Killed Natasha
  4072 | D:5      | Entered Level 5 of the Dungeon
  4150 | D:5      | Noticed a slave
  4151 | D:5      | Noticed Pikel
  4152 | D:5      | Noticed a slave
  4153 | D:5      | Noticed a slave
  4157 | D:5      | Noticed a slave
  4157 | D:5      | Noticed Eustachio
  4158 | D:5      | Reached *** piety under Trog
  4158 | D:5      | Reached XP level 7. HP: 44/44 MP: 7/7
  4171 | D:5      | Killed Pikel
  4171 | D:5      | Reached skill level 5 in Fighting
  4171 | D:5      | Reached skill level 6 in Axes
  4171 | D:5      | Reached XP level 8. HP: 49/49 MP: 8/8
  4227 | D:5      | Killed Eustachio
  4562 | D:5      | Noticed Sigmund
  4576 | D:5      | Killed Sigmund
  5249 | D:5      | Found a deep blue altar of Sif Muna.
  5251 | D:5      | Found a white marble altar of Elyvilon.
  5251 | D:5      | Found a sparkling altar of Nemelex Xobeh.
  5253 | D:5      | Found a shimmering altar of Xom.
  5253 | D:5      | Found a shimmering altar of Xom.
  5253 | D:5      | Found a shimmering altar of Xom.
  5358 | D:5      | Got a translucent helmet
  5364 | D:5      | Identified the -2 helmet "Nellufue" {rF+ rC+ MP+9 Dex+2}
                  | (You found it on level 5 of the Dungeon)
  5462 | D:6      | Reached skill level 7 in Axes
  5466 | D:6      | Reached skill level 5 in Armour
  5708 | D:6      | HP: 3/76 [ogre/giant club (4)]
  5715 | D:6      | Reached XP level 9. HP: 4/55 MP: 9/9
  6519 | D:7      | Found Hiuticeu's Food Boutique.
  6530 | D:7      | Reached skill level 8 in Axes
  6569 | D:7      | Noticed a manticore
  6582 | D:7      | HP: 1/84 [manticore (5)]
  6587 | D:7      | Killed a manticore
  6903 | D:7      | Found a stormy altar of Qazlal.
  7214 | D:7      | Reached skill level 9 in Axes
  7709 | D:7      | Reached XP level 10. HP: 63/63 MP: 10/10
  7777 | D:7      | Reached **** piety under Trog
  8023 | D:7      | Found a staircase to the Ecumenical Temple.
  8331 | Temple   | Entered the Ecumenical Temple
  8838 | D:8      | Reached skill level 10 in Axes
  9097 | D:8      | Noticed Gastronok
  9119 | D:8      | Killed Gastronok
  9479 | D:9      | Found Laesuol's Antique Weapon Shoppe.
  9793 | D:9      | Found a staircase to the Lair.
  9804 | D:9      | Reached XP level 11. HP: 66/69 MP: 11/11
  9814 | D:9      | Reached skill level 11 in Axes
 10233 | D:9      | Found a shadowy altar of Dithmenos.
 10524 | D:10     | Entered Level 10 of the Dungeon
 10598 | D:10     | Found a staircase to the Orcish Mines.
 10657 | D:10     | Found Kodurch's Armour Boutique.
 10872 | D:10     | Found a runed gate.
 10872 | D:10     | Found a runed gate.
 10873 | D:10     | Found a runed gate.
 10949 | D:10     | Noticed a two-headed ogre
 10960 | D:10     | Killed a two-headed ogre
 10960 | D:10     | Reached ***** piety under Trog
 11351 | D:10     | Noticed Chungles's ghost (journeyman MiBe)
 11352 | D:10     | Noticed Tickenest's ghost (novice OpMo)
 11366 | D:10     | Killed Tickenest's ghost
 11396 | D:10     | Killed Chungles's ghost
 11594 | Orc:1    | Entered Level 1 of the Orcish Mines
 11633 | D:11     | Noticed a fire dragon
 11650 | D:11     | Killed a fire dragon
 11650 | D:11     | Reached skill level 12 in Axes
 11742 | D:10     | Gained mutation: Your mind is acute. (Int +2) [potion of
                  | mutation]
 11742 | D:10     | Gained mutation: You have a pair of small horns on your
                  | head. [potion of mutation]
 11742 | D:10     | Gained mutation: Your flesh is heat resistant. (rF+)
                  | [potion of mutation]
 11742 | D:10     | Gained mutation: You have large cloven feet. [potion of
                  | mutation]
 11820 | Lair:1   | Entered Level 1 of the Lair of Beasts
 11888 | Lair:1   | Noticed an eight-headed hydra
 11892 | Lair:1   | Killed a ten-headed hydra
 12050 | Lair:1   | Found a runed door.
 12112 | Lair:1   | Reached skill level 10 in Armour
 12120 | Lair:1   | Reached XP level 12. HP: 77/77 MP: 12/12
 12712 | Lair:1   | Reached skill level 10 in Fighting
 12910 | Lair:1   | Noticed ws's ghost (journeyman GrBe)
 13998 | Lair:3   | Reached skill level 13 in Axes
 14008 | Lair:3   | Found a hole to the Spider Nest.
 14479 | Lair:3   | Received a gift from Trog
 14811 | Lair:3   | Found a staircase to the Shoals.
 14829 | Lair:3   | Reached XP level 13. HP: 84/84 MP: 13/13
 15664 | Lair:4   | Reached skill level 14 in Axes
 17047 | Lair:6   | Entered Level 6 of the Lair of Beasts
 17047 | Lair:6   | Found a staircase to the Slime Pits.
 17047 | Lair:6   | Found a viscous altar of Jiyva.
 17068 | Lair:6   | Noticed Urug
 17079 | Lair:6   | Killed Urug
 17101 | Lair:6   | Received a gift from Trog
 17312 | Lair:6   | Reached skill level 15 in Axes
 17328 | Lair:6   | Gained mutation: Your large and strong wings let you fly
                  | indefinitely. [Gargoyle growth]
 17328 | Lair:6   | Reached XP level 14. HP: 55/92 MP: 4/14
 17531 | Lair:6   | Found a labyrinth entrance.
 17926 | Lair:6   | Noticed a dire elephant
 17937 | Lair:6   | Killed a dire elephant
 19358 | D:11     | Received a gift from Trog
 19359 | D:11     | Noticed Harold
 19373 | D:11     | Killed Harold
 19804 | D:11     | Reached skill level 16 in Axes
 20005 | D:12     | Noticed Nessos
 20021 | D:12     | Killed Nessos
 20024 | D:12     | Noticed Frances
 20026 | D:12     | Reached ****** piety under Trog
 20026 | D:12     | Received a gift from Trog
 20045 | D:12     | HP: 4/94 [Frances/battleaxe of flaming (1)]
 20071 | D:12     | Killed Frances
 20476 | D:12     | Got a polished leather armour
 20505 | D:12     | Identified the +1 leather armour of the Echidna {*Corrode
                  | rPois rF++ MR+} (You found it on level 12 of the Dungeon)
 20856 | D:13     | Found Logeic's Book Boutique.
 20895 | D:13     | Received a gift from Trog
 21337 | D:13     | Reached XP level 15. HP: 99/99 MP: 5/15
 21580 | D:13     | Received a gift from Trog
 21882 | D:14     | Noticed Louise
 21922 | D:14     | Killed Louise
 22109 | D:14     | Found a gate to the Vaults.
 22642 | D:14     | Reached skill level 5 in Dodging
 22704 | D:14     | Reached skill level 17 in Axes
 23070 | D:15     | Entered Level 15 of the Dungeon
 23070 | D:15     | Noticed Josephine
 23077 | D:15     | Killed Josephine
 23414 | D:15     | Received a gift from Trog
 24156 | D:15     | Found a staircase to the Depths.
 24603 | Orc:2    | Entered Level 2 of the Orcish Mines
 24921 | Orc:2    | Found a roughly hewn altar of Beogh.
 25329 | Orc:2    | Found a staircase to the Elven Halls.
 25364 | Orc:2    | Received a gift from Trog
 25409 | Orc:2    | Reached skill level 5 in Stealth
 25414 | Orc:2    | Reached XP level 16. HP: 54/107 MP: 10/16
 25469 | Orc:2    | Found Wuegoung's Antique Weapon Emporium.
 25469 | Orc:2    | Found Noxastre's Distillery.
 25479 | Orc:2    | Reached skill level 15 in Fighting
 25482 | Orc:2    | Found Mioris's General Store.
 25482 | Orc:2    | Found Zeucw's Assorted Antiques.
 25729 | Orc:2    | Bought a potion of heal wounds for 70 gold pieces
 25736 | Orc:2    | Bought a twisted plate armour for 980 gold pieces
 25739 | Orc:2    | Bought a scroll of magic mapping for 42 gold pieces
 25934 | Elf:1    | Entered Level 1 of the Elven Halls
 26576 | Depths:1 | Entered Level 1 of the Depths
 26647 | Depths:1 | Noticed Saint Roka
 26658 | Depths:1 | Received a gift from Trog
 26672 | Depths:1 | Killed Saint Roka
 28236 | Depths:1 | Found a gateway to a ziggurat.
 28355 | Depths:1 | Found a gateway to Hell.
 28783 | Shoals:1 | Entered Level 1 of the Shoals
 28807 | Shoals:1 | Reached skill level 18 in Axes
 29779 | Shoals:1 | Found Gemaigux's Goods Gallery.
 29970 | Shoals:1 | Noticed a kraken
 29986 | Shoals:1 | Killed a kraken
 30099 | Shoals:2 | Noticed Roxanne
 30325 | Shoals:2 | Received a gift from Trog
 30339 | Shoals:2 | Reached XP level 17. HP: 82/115 MP: 8/17
 31741 | Shoals:2 | Identified the +6 plate armour "Jeshrec" {rPois rF+ Int+5}
                  | (You bought it in a shop on level 2 of the Orcish Mines)
 31742 | Shoals:3 | Noticed Polyphemus
 31760 | Shoals:2 | Killed Polyphemus
 32449 | Shoals:3 | Noticed a kraken
 32458 | Shoals:3 | Killed a kraken
 32864 | Shoals:3 | Received a gift from Trog
 33328 | Shoals:4 | Entered Level 4 of the Shoals
 33411 | Shoals:4 | HP: 2/117 [alligator snapping turtle (17)]
 33425 | Shoals:4 | Killed from afar by a merfolk aquamancer

Skill      XL: |  1  2  3  4  5  6  7  8  9 10 11 12 13 14 15 16 17 |
---------------+----------------------------------------------------+-----
Dodging        | 2 3 4 6 7 8 |  8.3
Axes           | 3 4 6 7 9 10 12 13 15 16 17 18 | 18.6
Fighting       | 4 5 6 7 8 9 10 12 13 14 16 17 | 17.1
Stealth        | 1 2 3 5 6 |  6.3
Armour         | 3 4 5 6 8 10 11 12 13 | 13.8

Action                   |  1- 3 |  4- 6 |  7- 9 | 10-12 | 13-15 | 16-18 || total
-------------------------+-------+-------+-------+-------+-------+-------++-------
Melee: Hand axe          |    54 |   234 |   350 |   522 |       |       ||  1160
       War axe           |       |       |       |   213 |   534 |   571 ||  1318
       Kick              |       |       |       |    57 |   360 |   227 ||   644
       Headbutt          |       |       |       |    38 |   209 |   149 ||   396
       Battleaxe         |       |       |       |       |   462 |       ||   462
Invok: Berserk           |     1 |     2 |     4 |    10 |    12 |    12 ||    41
       Brothers in Arms  |       |       |       |       |     6 |     3 ||     9
 Abil: Fly               |       |       |       |       |     1 |       ||     1
  Use: Scroll            |       |       |    19 |    13 |     5 |     2 ||    39
       Potion            |       |       |     2 |     1 |     5 |     4 ||    12
 Stab: Sleeping          |     2 |     9 |       |       |     8 |     4 ||    23
  Eat: Chunk             |     1 |    12 |    12 |    18 |    34 |    19 ||    96
       Ration            |       |       |     1 |     5 |     4 |     6 ||    16
Armor: Animal skin       |    25 |    52 |       |       |       |       ||    77
       Plate armour      |       |    74 |   273 |   301 |   379 |   165 ||  1192
       Scale mail        |       |     4 |       |       |       |       ||     4
       Skin              |       |       |    51 |       |       |       ||    51
       Leather armour    |       |       |       |       |   137 |   114 ||   251
Dodge: Dodged            |    36 |   144 |   219 |   414 |   855 |   660 ||  2328
